Unix NetHack Version 5.0.0-0 post-release - last build May  4 2026 22:22:43 (774f63e81ad911689b3a0859ea89b322d5daca8d,branch:main).

Game began 2026-05-07 23:09:37, ended 2026-05-10 18:17:49.

AuraMoom, neutral male human Wizard

      -------
      |.<...|
      |.....|
      |.....|                            ---------
      |.....|                            |..>....|     ---------
      |.....|                            |.......|##a#`........|
      |......#        -----------        |........##a@#|......>|
      -.-.---#########-.%.......-########|.......|#   #|.......|
       # ##           |.........|### ####........|     |.......|      #######
       `  #           |..........#      #---------#   #|.......|         ---.-
          #           -----------       ###############........|         |...|
    ------.----                ####################   #---------     ####....|
    |.........|     `###########                      ################   |...|
    |.........|`#####                                                    |...|
    |.........|                                                          |...|
    -----------                                                          |...|
                                                                         -----

AuraMoom the Thaumaturge  St:11 Dx:13 Co:16 In:18 Wi:13 Ch:11  Neutral
Dlvl:3  $:0  HP:0(36) Pw:10(51) AC:2  Xp:6 T:2051  Satiated

Latest messages:
 The manes hits!
 The manes misses!
 Gbast73's ghost touches you!
 The manes hits!
 The manes just misses!
 The manes bites!
 The dwarf picks up an uncursed worthless piece of yellowish brown glass.
 You climb up the stairs.
 Are you waiting to get hit?  Use 'm' prefix to force a no-op (to rest).
 Are you waiting to get hit?  Use 'm' prefix to force a no-op (to rest).
 Are you waiting to get hit?  Use 'm' prefix to force a no-op (to rest).
 Are you waiting to get hit?  Use 'm' prefix to force a no-op (to rest).
 Are you waiting to get hit?  Use 'm' prefix to force a no-op (to rest).
 Are you waiting to get hit?  Use 'm' prefix to force a no-op (to rest).
 Are you waiting to get hit?  Use 'm' prefix to force a no-op (to rest).
 Are you waiting to get hit?  Use 'm' prefix to force a no-op (to rest).
 Are you waiting to get hit?  Use 'm' prefix to force a no-op (to rest).
 Are you waiting to get hit?  Use 'm' prefix to force a no-op (to rest).
 Are you waiting to get hit?  Use 'm' prefix to force a no-op (to rest).
 Are you waiting to get hit?  Use 'm' prefix to force a no-op (to rest).
 Are you waiting to get hit?  Use 'm' prefix to force a no-op (to rest).
 Are you waiting to get hit?  Use 'm' prefix to force a no-op (to rest).
 Are you waiting to get hit?  Use 'm' prefix to force a no-op (to rest).
 Are you waiting to get hit?  Use 'm' prefix to force a no-op (to rest).
 Are you waiting to get hit?  Use 'm' prefix to force a no-op (to rest).
 You hit gbast73's ghost!
 Gbast73's ghost touches you!
 You miss gbast73's ghost.
 The giant ant just misses!
 The giant ant bites!
 You miss the giant ant.
 The giant ant bites!
 The giant ant just misses!
 The giant ant bites!
 The giant ant misses!
 What do you want to drop? [a-hlmor-vxyDFJKM-Q or ?*] ?
 You drop a blessed spellbook of force bolt.
 Your movements are now unencumbered.
 The giant ant bites!
 The giant ant misses!
 The giant ant bites!
 You miss the giant ant.
 The giant ant misses!
 The giant ant bites!
 You die...
 Do you want your possessions identified? [ynq] (y) y
 Do you want to see your attributes? [ynq] (y) y
 Do you want an account of creatures vanquished? [ynaq] (y) y
 Do you want to see your conduct and achievements? [ynq] (y) y
 Do you want to see the dungeon overview? [ynq] (y) y

Inventory:
 Weapons  (')')
  a - a blessed +1 quarterstaff (weapon in hands)
 Armor    ('[')
  r - a blessed +1 orcish helm (being worn)
  v - an uncursed +1 pair of low boots (being worn)
  b - an uncursed +0 cloak of magic resistance (being worn)
  y - an uncursed +0 studded leather armor (being worn)
 Comestibles  ('%')
  x - 3 uncursed food rations
 Scrolls  ('?')
  O - 2 uncursed scrolls of blank paper
  g - an uncursed scroll of create monster
  M - an uncursed scroll of enchant weapon
  F - 2 uncursed scrolls of teleportation
 Spellbooks  ('+')
  m - an uncursed spellbook of extra healing
  D - an uncursed spellbook of identify
 Potions  ('!')
  f - a blessed potion of confusion
  P - an uncursed potion of levitation
  K - an uncursed potion of monster detection
  t - an uncursed potion of object detection
  J - 4 uncursed potions of water
  N - 2 uncursed potions of water
 Rings    ('=')
  d - an uncursed ring of conflict
  e - an uncursed ring of free action (on right hand)
  s - an uncursed +1 ring of gain constitution (on left hand)
 Wands    ('/')
  c - a wand of digging (0:6)
  Q - a wand of secret door detection (0:11)
  h - a cursed wand of striking (0:1)
 Tools    ('(')
  o - an uncursed blindfold
  u - 2 uncursed tallow candles

AuraMoom the Wizard's attributes:

Background:
 You were a Thaumaturge, a level 6 male human Wizard.
 You were neutral, nominally on a mission for Thoth
 who was opposed by Ptah (lawful) and Anhur (chaotic).
 You were right-handed.
 You were in the Dungeons of Doom, on level 3.
 You entered the dungeon 2051 turns ago.
 You had 397 experience points, 243 more were needed to attain level 7.

Basics:
 You had 0 out of 36 hit points.
 You had 10 out of 51 energy points (spell power).
 Your armor class was 2.
 Your wallet was empty.
 Autopickup was on for all types, with exceptions.

Final Characteristics:
 Your strength was 11 (peak:12, limit:18/100).
 Your dexterity was 13 (limit:18).
 Your constitution was 16 (base:15, limit:18).
 Your intelligence was 18 (limit:18).
 Your wisdom was 13 (limit:18).
 Your charisma was 11 (limit:18).

Final Status:
 You were satiated.
 You were unencumbered.
 You were wielding a quarterstaff.
 You had basic skill with quarterstaff and could have enhanced that.

Final Attributes:
 You were piously aligned.
 You were magic-protected.
 You were telepathic.
 You were warded.
 You had free action.
 You are dead.

Miscellaneous:
 You encountered 1 bones level.
 Total elapsed playing time was 1 hour, 32 minutes and 22 seconds.

Major events:
 Turn
    1: AuraMoom the neutral male human Wizard entered the dungeon
  224: attained the rank of Conjurer (level 3)
 1312: found Sting carried by a monster
 1682: attained the rank of Thaumaturge (level 6)
 2051: killed by a giant ant

Spells:
 Name                 Level Category     Fail Retention
 force bolt             1   attack         0%   81%-90%
 extra healing          3   healing       80%  76%-100%
 identify               3   divination    80%  76%-100%

Skills:
 Fighting Skills
   bare handed combat [Unskilled]
   riding             [Unskilled]
 Weapon Skills
   dagger             [Unskilled]
   knife              [Unskilled]
   axe                [Unskilled]
   short sword        [Unskilled]
   club               [Unskilled]
   mace               [Unskilled]
   quarterstaff       [Basic]
   polearms           [Unskilled]
   spear              [Unskilled]
   trident            [Unskilled]
   sling              [Unskilled]
   dart               [Unskilled]
   shuriken           [Unskilled]
 Spellcasting Skills
   attack spells      [Basic]
   healing spells     [Unskilled]
   divination spells  [Unskilled]
   enchantment spells [Basic]
   clerical spells    [Unskilled]
   escape spells      [Unskilled]
   matter spells      [Unskilled]

Voluntary challenges:
 Character rerolling was not enabled.
 You were an atheist.
 You never genocided any monsters.
 You never polymorphed an object.
 You never changed form.
 You used no wishes.
Achievements:
 You entered a shop.
 You attained the rank of Conjurer.
 You attained the rank of Thaumaturge.

 The Dungeons of Doom: levels 1 to 4
    Level 1:
       Some fountains.
    Level 2:
       A potion shop, a fountain, a grave.
    Level 3: <- You were here.
       Final resting place for
          you, killed by a giant ant.
    Level 4:
       Some shops, a fountain, a grave.
       Final resting place for
          gbast73-Cav-Gno-Fem-Neu, killed by a hill orc,
          ubiquity-Pri-Elf-Mal-Cha, killed by a hill orc.


Vanquished creatures:
  a small mimic
  a leprechaun
  2 imps
  a pony
  2 gnome leaders
  4 giant ants
  4 floating eyes
  2 kittens
  3 hill orcs
  a giant bat
 an acid blob
  2 coyotes
  2 hobbits
  6 manes
  a gnome
  2 geckos
  a fox
  a kobold
  a goblin
  2 sewer rats
  a grid bug
  a lichen
  3 newts
45 creatures vanquished.

No species were genocided or became extinct.

Game over:
                       ----------
                      /          \
                     /    REST    \
                    /      IN      \
                   /     PEACE      \
                  /                  \
                  |     AuraMoom     |
                  |       0 Au       |
                  |   killed by a    |
                  |    giant ant     |
                  |                  |
                  |                  |
                  |       2026       |
                 *|     *  *  *      | *
        _________)/\\_//(\/(/\)/\//\/|_)_______

Goodbye AuraMoom the Wizard...

You died in The Dungeons of Doom on dungeon level 3 with 1474 points,
and 0 pieces of gold, after 2051 moves.
You were level 6 with a maximum of 36 hit points when you died.

